 Dungeon Crawl Stone Soup version 0.28.0-53-g5a82cb258f (webtiles) character file.

Game seed: 4022205614283631531

106 Peloso the Slasher (level 4, -2/40 HPs)
             Began as a Minotaur Fighter on Aug 7, 2022.
             Slain by Prince Ribbit (11 damage)
             ... on level 6 of the Dungeon.
             The game lasted 00:03:17 (2139 turns).

Peloso the Slasher (Minotaur Fighter)               Turns: 2139, Time: 00:03:18

Health: -2/40      AC:  8    Str: 21    XL:     4   Next: 55%
Magic:  3/3        EV:  9    Int:  5    God:
Gold:   137        SH:  4    Dex: 11    Spells: 3/3 levels left

rFire   . . .      SeeInvis .   a - +0 long sword
rCold   . . .      Faith    .   c - +0 buckler
rNeg    . . .      Spirit   .   b - +0 scale mail
rPois   .          Reflect  .   (helmet restricted)
rElec   .          Harm     .   f - +0 cloak
rCorr   .          Rampage  .   (no gloves)
Will    .....                   (no boots)
Stlth   ..........              (no amulet)
HPRegen 0.13/turn               (no ring)
MPRegen 0.08/turn               (no ring)

@: no status effects
A: horns 2, retaliatory headbutt
a: no special abilities


You were on level 6 of the Dungeon.
You visited 1 branch of the dungeon, and saw 5 of its levels.

You collected 137 gold pieces.

Inventory:

Hand Weapons
 a - a +0 long sword (weapon)
Armour
 b - a +0 scale mail (worn)
 c - a +0 buckler (worn)
 f - a +0 cloak (worn)
Scrolls
 e - a scroll of enchant armour
 h - a scroll of enchant weapon
 k - a scroll of fear {unknown}
Potions
 d - a potion of might
 i - 2 potions of curing
 j - a potion of flight


   Skills:
 + Level 4.2 Fighting
 + Level 4.4 Long Blades
 + Level 4.2 Armour
 + Level 0.4 Dodging
 + Level 4.1 Shields


You had 3 spell levels left.
You didn't know any spells.
Your spell library was empty.

Dungeon Overview and Level Annotations

Branches:
Dungeon (6/15)
 Temple: D:4-7

Altars:

Annotations:
D:6 Prince Ribbit


Innate Abilities, Weirdness & Mutations

You have a pair of horns on your head.
You reflexively headbutt those who attack you in melee.


Message History

Found a dagger.
A sourceless malevolence fills the Dungeon...
You fall into a shaft and drop 3 floors!
The shaft crumbles and collapses.
Found a stone staircase leading up.
There is a stone staircase leading up here.
You climb upwards.
The orc shouts!
There is a stone staircase leading down here.
Prince Ribbit comes into view.
The orc hits you with a +0 hand axe.
Prince Ribbit asks, "Just a little smooch?"
Prince Ribbit blinks!
Prince Ribbit misses you.
There is a stone staircase leading down here.
Prince Ribbit hits you. The orc closely misses you. You furiously retaliate!
You headbutt the orc.
You climb downwards.
There is a stone staircase leading up here.
You miss Prince Ribbit. Your headbutt misses Prince Ribbit.
Prince Ribbit blinks!
The orc hits you with a +0 hand axe. The orc barely misses you.
You hit the orc. You headbutt the orc.
You kill the orc!
Prince Ribbit barely misses you. You furiously retaliate!
You headbutt Prince Ribbit! You slash Prince Ribbit!
Your headbutt misses Prince Ribbit.
Prince Ribbit is severely wounded.
Prince Ribbit hits you! Prince Ribbit hits you.
* * * LOW HITPOINT WARNING * * *
You barely miss Prince Ribbit. Your headbutt misses Prince Ribbit.
Prince Ribbit is severely wounded.
Prince Ribbit barely misses you.
You barely miss Prince Ribbit. Your headbutt misses Prince Ribbit.
Prince Ribbit is severely wounded.
You block Prince Ribbit's attack.
Prince Ribbit hits you but does no damage.
You hit Prince Ribbit.
Prince Ribbit is almost dead.
Prince Ribbit hits you!
You die...

#+#
#.#
####<#
+..F@#
######


You could see Prince Ribbit.

Vanquished Creatures
  3 adders (D:3)
  2 adder skeletons (D:3)
  2 worms (D:2)
  2 dart slugs (D:1)
  An orc (D:6)
  2 ball pythons
  5 endoplasms
  3 giant cockroaches
  7 goblins
  4 hobgoblins
  4 jackals (D:1)
  4 quokkas
  A ball python skeleton (D:3)
  6 bats
  4 frilled lizards
  6 kobolds
  2 rats
58 creatures vanquished.

Vanquished Creatures (others)
  A plant (D:3)
  5 withered plants (D:3)
6 creatures vanquished.

Grand Total: 64 creatures vanquished

Notes
Turn   | Place    | Note
-------+----------+-------------------------------------------
     0 | D:1      | Peloso the Minotaur Fighter began the quest for the Orb.
     0 | D:1      | Reached XP level 1. HP: 19/19 MP: 0/0
   147 | D:1      | Reached XP level 2. HP: 24/27 MP: 1/1
   338 | D:1      | Reached XP level 3. HP: 32/33 MP: 2/2
  1767 | D:3      | Reached XP level 4. HP: 34/40 MP: 3/3
  2122 | D:3      | You fall into a shaft and drop 3 floors!
  2127 | D:5      | Entered Level 5 of the Dungeon
  2128 | D:5      | Noticed Prince Ribbit
  2139 | D:6      | Slain by Prince Ribbit

Illustrated notes

Levels and vault maps discovered:
D:1:      minmay_arrival_radiant_lines, layout_basic, minmay_octomino_e4
D:2:      layout_basic
D:3:      layout_loops_ring, fedhas_altar_fruit_tree,
          shapermc_ecumenical_altar_flowoftime, serial_undead, serial_undead_e,
          serial_undead_c, serial_undead_e, serial_undead_e, serial_undead_a,
          serial_undead_d
D:5:      layout_loops_ring, lemuel_coloured_pillars_altar, serial_shops,
          shop_statue, shop, nicolae_inconvenience_store, minmay_diced_spiral,
          uniq_prince_ribbit1
D:6:      layout_basic, old_standard_altar, cheibrodos_ashenzari_chains,
          temple_hall, serial_shops, kennysheep_mini_moat, uniq_blork_the_orc

Skill      XL: |  1  2  3  4 |
---------------+-------------+-----
Shields        | 4 |  4.1
Fighting       | 4 |  4.2
Long Blades    | 3 4 |  4.4
Armour         | 4 |  4.2
Dodging        | |  0.4

Action                   |  1- 3 |  4- 6 || total
-------------------------+-------+-------++-------
Melee: Long sword        |    88 |    38 ||   126
       Headbutt          |    11 |     1 ||    12
  Use: Scroll            |     6 |       ||     6
Armor: Scale mail        |    41 |    17 ||    58
Dodge: Dodged            |    50 |    14 ||    64
Block: Buckler           |    17 |     9 ||    26
